 Dungeon Crawl Stone Soup version 0.23.0 (webtiles) character file.

Game seed: 16340389420536076681

170 Rediskos the Skirmisher (level 5, -4/33 HPs)
             Began as a Gargoyle Fighter on Feb 9, 2019.
             Slain by an orc warrior
             ... wielding a +0 war axe
              (5 damage)
             ... on level 3 of the Dungeon.
             The game lasted 00:05:43 (2402 turns).

Rediskos the Skirmisher (Gargoyle Fighter)          Turns: 2402, Time: 00:05:44

Health: -4/33      AC: 15    Str: 21    XL:     5   Next: 50%
Magic:  5/5        EV:  4    Int:  8    God:
Gold:   85         SH:  9    Dex:  9    Spells: 4/4 levels left

rFire    . . .     SeeInvis .   a - +1 flail
rCold    . . .     Gourm    .   c - +0 shield
rNeg     + . .     Faith    .   i - +0 plate armour
rPois    ∞         Spirit   .   m - +0 hat
rElec    +         Reflect  .   (no cloak)
rCorr    .         Harm     .   (no gloves)
MR       .....                  (no boots)
Stlth    ..........             (no amulet)
HPRegen  0.11/turn              (no ring)
MPRegen  0.09/turn              (no ring)

@: about to teleport
A: negative energy resistance 1, electricity resistance, unbreathing,
petrification resistance, rot immunity, AC +4
a: no special abilities


You were on level 3 of the Dungeon.
You were not hungry.

You visited 1 branch of the dungeon, and saw 3 of its levels.

You collected 85 gold pieces.

Inventory:

Hand Weapons
 a - a +1 flail (weapon)
Armour
 b - a +0 scale mail
 c - a +0 shield (worn)
 g - a +0 chain mail
 i - a +0 plate armour (worn)
 m - a +0 hat (worn)
Jewellery
 j - a +3 ring of dexterity {unknown}
 n - an uncursed ring of resist corrosion {unknown}
 r - a +4 amulet of reflection {unknown}
Scrolls
 k - 2 scrolls of identify
 l - 2 scrolls of teleportation
 t - a scroll of blinking {unknown}
Potions
 d - a potion of might
 e - a potion of lignification {unknown}
 h - a potion of resistance {unknown}
 o - a potion of curing {unknown}
 p - a potion of mutation
 s - a potion of degeneration {unknown}
Comestibles
 f - 3 rations
 q - 5 chunks of flesh


   Skills:
 + Level 4.2 Fighting
 * Level 3.8 Maces & Flails
 + Level 4.1 Armour
 + Level 4.1 Shields


You had 4 spell levels left.
You didn't know any spells.
Your spell library was empty.

Dungeon Overview and Level Annotations

Branches:
Dungeon (3/15)

Altars:


Innate Abilities, Weirdness & Mutations

You are resistant to torment.
Your stone body is resilient. (AC +4)
You are immune to poison.
You resist negative energy. (rN+)
You are resistant to electric shocks. (rElec)
You can survive without breathing.
You are immune to petrification.
You are immune to rotting.


Message History

The orc wizard casts a spell at you.
The magic dart hits you but does no damage.
You block the worker ant's attack.
The orc warrior hits you with a +0 war axe!
* * * LOW HITPOINT WARNING * * *
You block the worker ant's attack.
The orc wizard hits you but does no damage.
Your plate armour prevents you from hitting the orc wizard.
The orc wizard is moderately wounded.
The orc wizard hits you but does no damage.
You block the orc warrior's attack.
The worker ant bites you but does no damage.
You block the orc wizard's attack.
Unknown command.
As you read the scroll of teleportation, it crumbles to dust.
You feel strangely unstable.
The worker ant bites you but does no damage.
You block the orc wizard's attack.
The orc warrior hits you with a +0 war axe.
You die...

## #.... #####...#
..###.... ........#
##......$. ........#
... ...o. ..(...###
#.####...
..........###.#......
#..o...............<
#.ao##...###..##.(..
#@# #...>........ #o#
###...##..... #o#
####.....#...
#.####..o.###.(...
#......#### #####.
#####..# ##
########..######
####...##.........#
#.................#
###


You could see an orc warrior, a worker ant, an orc priest, an orc wizard and an
orc.

Vanquished Creatures
  An orc priest (D:3)
  An orc wizard (D:3)
  A worker ant (D:2)
  5 adders
  A worm (D:2)
  A leopard gecko (D:2)
  3 orcs (D:3)
  A giant cockroach (D:2)
  2 goblins (D:2)
  10 hobgoblins
  5 kobolds (D:2)
  2 quokkas (D:2)
  5 bats
  2 frilled lizards
  2 rats
42 creatures vanquished.

Notes
Turn   | Place    | Note
-------+----------+-------------------------------------------
     0 | D:1      | Rediskos the Gargoyle Fighter began the quest for the Orb.
     0 | D:1      | Reached XP level 1. HP: 14/14 MP: 1/1
   618 | D:1      | Reached XP level 2. HP: 11/19 MP: 2/2
  1081 | D:2      | Reached XP level 3. HP: 18/24 MP: 3/3
  1178 | D:2      | Reached XP level 4. HP: 29/29 MP: 4/4
  1858 | D:3      | Noticed an orc warrior
  2225 | D:3      | Reached XP level 5. HP: 29/33 MP: 5/5
  2400 | D:3      | HP: 1/33 [orc warrior/+0 war axe (8)]
  2402 | D:3      | Slain by an orc warrior

Skill      XL: |  1  2  3  4 |
---------------+-------------+-----
Maces & Flails | 3 |  3.8
Fighting       | 4 |  4.2
Armour         | 4 |  4.1
Shields        | 4 |  4.1

Action                   |  1- 3 |  4- 6 || total
-------------------------+-------+-------++-------
Melee: Flail             |    80 |   147 ||   227
  Use: Scroll            |       |     5 ||     5
  Eat: Chunk             |     1 |     4 ||     5
Armor: Scale mail        |    64 |    45 ||   109
       Chain mail        |       |    21 ||    21
       Plate armour      |       |    19 ||    19
Dodge: Dodged            |    32 |    31 ||    63
Block: Shield            |    53 |    91 ||   144
